Map: Winter's Gate LE

Players

Robotikov - Winner!

  • Race: Terran Terran
  • Spawn Location: 11:00

Canwillmust

  • Race: Zerg Zerg
  • League: Grandmaster
  • Spawn Location: 5:00

VOD

Have the link to the VOD?

Description

Time

  • Played on: Oct. 6, 2019, 3:38 a.m.
  • Length: 26:57
Show
View Real Time Build Order
Export as new Build Order

Robotikov Terran - Winner!

Build Orders: Reaper Expand 

Get SALT Encoding   

  12  0:00  SCV  
  13  0:12  SCV  
  14  0:17  Supply Depot  
  14  0:24  SCV  
  15  0:38  SCV  
  15  0:40  Barracks  
  16  0:45  Refinery  
  16  0:51  SCV  
  17  1:03  SCV  
  18  1:15  SCV  
  19  1:28  Orbital Command  
  19  1:29  Reaper  
  20  1:40  Command Center  
  20  1:50  Supply Depot  
  20  1:53  SCV  
  21  2:00  Marine  
  22  2:06  SCV  
  23  2:15  Factory  
  22  2:17  Bunker  
  22  2:18  SCV  
  22  2:21  Marine  
  24  2:32  SCV  
  25  2:37  Refinery  
  25  2:39  Marine  
  25  2:44  SCV  
  27  2:52  Orbital Command  
  27  2:56  SCV  
  28  2:58  Barracks Reactor  
  28  3:00  Starport  
  28  3:08  Factory Tech Lab, SCV  
  29  3:18  SCV  
  30  3:20  SCV  
  31  3:28  Supply Depot  
  31  3:30  Cyclone, SCV  
  31  3:32  SCV  
  36  3:39  Viking  
  38  3:42  SCV  
  38  3:44  SCV  
  38  3:46  Marine  
  38  3:47  Marine  
  42  3:52  Supply Depot  
  42  3:54  SCV  
  43  3:56  SCV  
  44  4:05  Refinery  
  44  4:06  SCV  
  44  4:08  SCV  
  45  4:16  Fusion Core  
  45  4:17  Hellion x2  
  45  4:18  SCV  
  45  4:20  SCV  
  45  4:22  Supply Depot  
  51  4:30  SCV  
  52  4:31  Refinery  
  52  4:33  SCV  
  53  4:38  Command Center  
  53  4:42  SCV  
  53  4:45  SCV  
  55  4:46  Supply Depot  
  55  4:49  Hellion x2  
  59  4:54  SCV  
  59  4:57  SCV  
  61  5:06  SCV  
  62  5:08  Weapon Refit, Battlecruiser  
  62  5:09  SCV  
  66  5:15  Hellion  
  66  5:16  Hellion  
  66  5:19  SCV  
  66  5:21  SCV  
  72  5:26  Supply Depot  
  72  5:28  Supply Depot  
  72  5:31  SCV  
  72  5:33  SCV  
  74  5:36  Hellion  
  74  5:38  Hellion, Armory  
  78  5:46  Barracks Tech Lab  
  78  5:48  SCV x2  
  80  5:52  Factory  
  80  5:54  Factory  
  80  5:55  Orbital Command  
  80  6:00  Supply Depot  
  80  6:01  SCV x2  
  80  6:02  Engineering Bay  
  82  6:04  Hellion x2  
  86  6:13  SCV  
  86  6:14  SCV  
  86  6:18  Battlecruiser  
  94  6:22  Orbital Command  
  94  6:33  Terran Vehicle Weapons Level 1  
  94  6:36  Refinery  
  94  6:39  SCV x2, Refinery  
  96  6:40  Supply Depot  
  96  6:41  Armory  
  96  6:43  Factory Tech Lab  
  96  6:54  Hellion x2  
  100  6:55  Cyclone  
  100  6:56  Mag-Field Accelerator  
  100  6:57  Supply Depot  
  100  6:58  SCV x3  
  104  7:10  SCV x2  
  104  7:12  Hellion  
  104  7:15  Hellion x2  
  109  7:17  SCV  
  109  7:22  SCV  
  98  7:31  SCV x2  
  98  7:34  SCV  
  98  7:36  Battlecruiser  
  92  7:43  SCV x2  
  92  7:46  SCV  
  91  7:55  SCV x2  
  91  7:58  SCV  
  92  8:00  Cyclone x2  
  92  8:02  Factory  
  92  8:05  Factory  
  98  8:07  SCV x2  
  98  8:10  SCV  
  101  8:19  SCV  
  100  8:20  SCV  
  100  8:22  SCV  
  100  8:23  Hellbat x2  
  97  8:29  Command Center  
  97  8:31  SCV  
  97  8:32  SCV  
  99  8:34  SCV  
  99  8:39  Cyclone x2  
  106  8:47  Supply Depot  
  106  8:48  Supply Depot  
  106  8:52  Command Center  
  106  8:54  SCV x2  
  106  8:55  SCV  
  109  8:57  Factory Tech Lab x2, Hellbat x2  
  109  8:59  Factory Reactor  
  109  9:02  Supply Depot  
  113  9:06  Terran Vehicle Weapons Level 2, Supply Depot  
  113  9:07  Terran Vehicle And Ship Armor Level 1  
  113  9:11  Cyclone  
  113  9:12  Cyclone  
  113  9:13  SCV x2  
  121  9:18  Battlecruiser  
  121  9:22  Cyclone  
  121  9:23  Supply Depot  
  130  9:33  Hellbat x2  
  134  9:43  Cyclone  
  134  9:44  Cyclone  
  140  9:49  Refinery  
  140  9:51  Refinery  
  140  9:54  Cyclone  
  140  9:59  Supply Depot  
  137  10:03  Hellbat x4  
  139  10:16  Cyclone x2  
  139  10:19  Planetary Fortress  
  139  10:21  Orbital Command  
  145  10:26  Cyclone  
  148  10:28  Command Center  
  148  10:40  Battlecruiser  
  154  10:48  Cyclone x2  
  154  10:49  Hellbat x3  
  166  10:58  Cyclone  
  169  11:09  Starport x2  
  169  11:29  Cyclone x2  
  173  11:44  Battlecruiser  
  173  11:45  Command Center  
  173  11:46  Command Center, Terran Vehicle And Ship Armor Level 2, Terran Vehicle Weapons Level 3  
  179  11:47  Command Center  
  179  11:48  Starport Tech Lab  
  179  11:49  Starport Tech Lab  
  179  11:51  Orbital Command  
  179  11:56  Sensor Tower  
  176  12:15  Siege Tank x3  
  128  12:37  Hellbat x2  
  126  12:39  Battlecruiser  
  131  12:47  Cyclone x3  
  139  12:54  Hellbat x2  
  139  12:56  Battlecruiser  
  139  12:58  Hellbat x2  
  152  13:10  Battlecruiser  
  147  13:15  SCV x3  
  147  13:17  Infernal Pre-Igniter  
  147  13:19  Cyclone x2, Orbital Command  
  154  13:26  Hellbat x2  
  154  13:27  Hellbat x2  
  161  13:29  Orbital Command  
  161  13:31  Orbital Command  
  161  13:43  Refinery  
  161  13:44  Battlecruiser  
  161  13:46  Refinery  
  167  13:55  Cyclone x3  
  176  14:08  Hellbat x4  
  173  14:27  Cyclone x2  
  173  14:28  Hellbat  
  173  14:29  Hellbat x2  
  173  14:30  Hellbat x2  
  172  14:36  Orbital Command  
  171  14:41  Battlecruiser  
  164  14:49  Cyclone  
  157  14:53  SCV x2  
  157  14:59  Cyclone  
  162  15:01  SCV  
  162  15:02  SCV x2  
  162  15:04  Battlecruiser x2  
  177  15:23  SCV x5  
  177  15:25  Supply Depot  
  177  15:26  Supply Depot  
  177  15:27  Supply Depot  
  182  15:32  Armory  
  182  15:34  Armory  
  151  16:10  Cyclone x2  
  149  16:28  Battlecruiser  
  149  16:30  Refinery  
  149  16:31  Hellion x3  
  149  16:32  Hellion x2  
  155  16:44  Terran Ship Weapons Level 1, Terran Vehicle And Ship Armor Level 3  
  155  17:01  Hellbat x3  
  159  17:02  Cyclone x2  
  165  17:18  SCV  
  165  17:19  SCV x5  
  165  17:21  Cyclone  
  165  17:31  SCV  
  165  17:34  Cyclone  
  161  17:51  Battlecruiser  
  153  18:08  Battlecruiser  
  159  18:22  Battlecruiser  
  165  18:38  Cyclone x2  
  171  18:43  Terran Ship Weapons Level 2  
  171  18:55  Battlecruiser  
  177  19:12  Battlecruiser  
  125  19:35  Battlecruiser  
  125  19:36  Cyclone  
  125  19:37  Hellion, Hellbat x2  
  125  19:38  Hellion  
  130  19:57  Hellion x4  
  130  19:58  Hellbat  
  130  19:59  Battlecruiser  
  138  20:09  Hellbat x3  
  138  20:10  Hellbat  
  146  20:17  Battlecruiser  
  152  20:29  Refinery  
  152  20:30  Refinery  
  150  20:54  Battlecruiser  
  156  20:58  Barracks x2  
  156  21:01  Barracks  
  156  21:03  Battlecruiser  
  162  21:14  Orbital Command  
  162  21:19  SCV x4  
  162  21:20  SCV  
  162  21:21  Battlecruiser  
  173  21:31  SCV x3  
  176  21:46  Barracks Tech Lab  
  176  21:47  Ghost Academy, Barracks Tech Lab x2  
  176  21:52  Supply Depot  
  176  21:57  Refinery x2  
  176  21:59  Battlecruiser  
  182  22:03  Missile Turret  
  182  22:05  Missile Turret  
  182  22:06  Missile Turret x2  
  177  22:44  Ghost x3, Enhanced Shockwaves  
  176  23:01  Battlecruiser  
  182  23:05  Terran Ship Weapons Level 3  
  182  23:12  Ghost x2  
  186  23:29  Ghost  
  188  23:52  Ghost x2  
  192  24:03  Personal Cloaking  
  192  24:04  Battlecruiser  
  198  24:12  Missile Turret  
  184  25:07  Battlecruiser x2  
  190  25:54  Cyclone x2, Hellbat x2  
  184  26:29  Hellbat x2  
Show
View Real Time Build Order
Export as new Build Order

Canwillmust Zerg 

Build Orders: Pool First, Brood Lord Corruptor 

Get SALT Encoding   

  12  0:00  Drone  
  13  0:13  Overlord  
  13  0:17  Drone  
  14  0:34  Drone x2  
  16  0:43  Spawning Pool  
  16  0:45  Drone  
  16  0:50  Drone  
  17  1:11  Hatchery  
  17  1:14  Drone  
  18  1:25  Drone  
  18  1:29  Extractor  
  18  1:31  Roach Warren, Zergling x2  
  17  1:33  Zergling x2  
  18  1:42  Queen  
  20  1:57  Overlord  
  21  2:16  Drone  
  21  2:17  Drone x2  
  21  2:18  Queen  
  26  2:31  Metabolic Boost  
  26  2:32  Drone x2  
  27  2:43  Hatchery  
  26  2:50  Drone x2  
  28  2:53  Drone  
  28  2:57  Drone  
  30  2:59  Drone  
  31  3:06  Overlord  
  31  3:08  Drone  
  33  3:12  Drone  
  33  3:14  Drone  
  33  3:19  Drone  
  35  3:25  Queen  
  35  3:26  Drone  
  38  3:32  Drone x2  
  38  3:33  Zergling x4  
  42  3:36  Drone  
  42  3:38  Overlord  
  43  3:58  Drone x4  
  47  4:05  Overlord  
  47  4:06  Drone  
  47  4:07  Drone x3  
  51  4:13  Queen x3  
  51  4:16  Overlord  
  57  4:26  Roach Warren  
  57  4:27  Zergling x8  
  60  4:33  Overlord  
  60  4:34  Overlord  
  60  4:42  Overlord  
  60  4:44  Drone x5  
  65  4:56  Drone x5  
  65  4:58  Spore Crawler  
  65  4:59  Spore Crawler  
  67  5:00  Spore Crawler  
  67  5:05  Drone  
  67  5:06  Drone  
  68  5:11  Lair  
  68  5:12  Extractor  
  68  5:13  Extractor  
  66  5:17  Drone x3  
  66  5:18  Evolution Chamber  
  66  5:19  Evolution Chamber  
  67  5:25  Drone x7  
  74  5:29  Pneumatized Carapace  
  74  5:32  Overlord x3  
  74  5:35  Extractor  
  74  5:36  Extractor  
  72  5:46  Drone  
  72  5:47  Drone  
  72  5:48  Zerg Missile Weapons Level 1  
  72  5:49  Zerg Melee Weapons Level 1  
  74  5:51  Drone x6  
  74  5:55  Extractor  
  79  6:01  Drone x4  
  83  6:10  Roach  
  83  6:11  Roach x2  
  89  6:12  Overlord  
  89  6:13  Overlord  
  89  6:14  Glial Reconstitution  
  89  6:18  Hatchery  
  89  6:24  Overlord x2  
  89  6:25  Drone  
  89  6:28  Infestation Pit  
  89  6:32  Queen x2  
  91  6:40  Roach  
  91  6:41  Roach x2  
  97  6:47  Roach x4  
  97  6:48  Spore Crawler  
  97  6:49  Spore Crawler  
  103  6:57  Spore Crawler  
  103  6:59  Roach x2  
  107  7:03  Overlord x3  
  106  7:10  Neural Parasite  
  106  7:14  Hatchery  
  106  7:15  Roach x5  
  102  7:36  Drone x11  
  103  7:41  Burrow  
  103  7:51  Queen x2  
  98  7:56  Infestor  
  98  7:57  Infestor x4  
  112  8:04  Spore Crawler x2  
  112  8:05  Spore Crawler x2  
  105  8:15  Roach x8  
  105  8:17  Spore Crawler  
  109  8:27  Zerg Melee Weapons Level 2  
  109  8:28  Zerg Missile Weapons Level 2  
  105  8:41  Drone x11  
  116  8:48  Roach x3  
  122  8:49  Queen x2  
  122  8:53  Overlord x2  
  126  8:57  Hive  
  126  8:59  Spore Crawler  
  126  9:02  Spore Crawler  
  124  9:11  Overlord x2  
  124  9:12  Infestor  
  124  9:13  Infestor x3  
  124  9:15  Extractor  
  124  9:16  Extractor  
  128  9:25  Infestor x6  
  128  9:26  Spire, Drone x2, Infestor x3  
  128  9:27  Drone  
  128  9:29  Spore Crawler  
  128  9:31  Spore Crawler  
  126  9:32  Drone x7  
  131  9:50  Drone x10  
  138  10:13  Infestor x6  
  148  10:31  Roach x6  
  148  10:33  Overlord  
  148  10:34  Overlord x3  
  160  10:36  Spine Crawler  
  160  10:37  Spine Crawler  
  160  10:38  Spine Crawler, Greater Spire  
  160  10:39  Spine Crawler, Pathogen Glands  
  160  10:40  Overlord  
  160  10:41  Overlord, Overseer  
  160  10:42  Overseer, Hatchery  
  155  10:57  Hatchery  
  155  10:59  Roach x5  
  155  11:02  Spore Crawler  
  163  11:04  Spore Crawler, Zerg Melee Weapons Level 3, Spine Crawler  
  163  11:05  Spore Crawler, Spine Crawler  
  163  11:08  Zergling x2  
  163  11:09  Zergling x10  
  165  11:18  Roach x6  
  177  11:32  Zerg Missile Weapons Level 3  
  177  11:36  Spore Crawler  
  177  11:38  Drone  
  177  11:39  Drone x13  
  190  11:51  Spire  
  189  12:02  Spine Crawler  
  189  12:04  Spine Crawler  
  189  12:05  Spine Crawler  
  173  12:18  Zergling x8  
  173  12:19  Zergling x30  
  185  12:24  Infestor x6  
  163  12:41  Corruptor x8  
  173  12:48  Zerg Flyer Weapons Level 1  
  173  12:51  Spore Crawler  
  173  12:53  Spore Crawler x3  
  173  12:54  Extractor  
  173  12:55  Extractor  
  173  12:57  Adrenal Glands  
  152  13:16  Corruptor  
  152  13:17  Corruptor x3  
  152  13:18  Zergling x8  
  152  13:19  Zergling x26  
  164  13:20  Zergling x2  
  164  13:21  Zergling x2  
  164  13:24  Zerg Flyer Armor Level 1  
  163  13:46  Corruptor x3  
  163  13:47  Corruptor  
  171  13:50  Zergling x2  
  171  13:51  Zergling x18  
  181  14:00  Brood Lord x2  
  181  14:02  Hatchery  
  180  14:03  Brood Lord  
  180  14:05  Brood Lord  
  180  14:16  Brood Lord x2  
  171  14:28  Brood Lord x2  
  162  14:42  Brood Lord  
  162  14:43  Brood Lord  
  143  14:53  Zergling x36  
  143  14:54  Zergling x6  
  143  14:59  Drone x4  
  167  15:03  Drone x3  
  167  15:10  Brood Lord x3  
  172  15:17  Infestor x2  
  172  15:20  Extractor  
  175  15:21  Spore Crawler  
  175  15:22  Extractor  
  166  15:31  Infestor x2  
  170  15:45  Brood Lord  
  170  15:46  Brood Lord  
  164  16:06  Infestor x3  
  163  16:15  Corruptor  
  163  16:17  Spore Crawler, Zergling x46  
  163  16:18  Spore Crawler x2  
  178  16:27  Corruptor x2  
  178  16:31  Corruptor x2  
  186  16:40  Zerg Flyer Weapons Level 2  
  186  16:45  Corruptor  
  188  16:48  Overseer  
  188  16:52  Hatchery  
  187  16:57  Corruptor x3  
  192  17:03  Corruptor x2  
  196  17:12  Overlord x3  
  173  17:55  Zergling x24  
  183  18:06  Corruptor x3  
  183  18:10  Overseer  
  183  18:11  Hatchery  
  183  18:12  Zerg Ground Armor Level 1  
  188  18:14  Zerg Flyer Armor Level 2  
  186  18:31  Infestor  
  186  18:32  Infestor  
  189  18:34  Spore Crawler  
  189  18:35  Spore Crawler  
  189  18:40  Spore Crawler  
  186  18:44  Spore Crawler x2  
  186  18:46  Spore Crawler  
  186  18:48  Drone x5  
  169  19:37  Infestor x12  
  192  19:42  Extractor  
  192  19:43  Spore Crawler  
  192  19:44  Spore Crawler, Extractor  
  192  19:45  Spore Crawler  
  185  19:52  Infestor  
  185  19:59  Spore Crawler  
  186  20:01  Spore Crawler  
  186  20:05  Spore Crawler x2  
  183  20:20  Drone x5  
  188  20:33  Hatchery  
  188  20:34  Overseer x2  
  187  20:49  Corruptor x2  
  187  20:51  Corruptor  
  187  20:56  Drone  
  194  20:57  Drone  
  194  20:59  Drone  
  196  21:19  Spore Crawler  
  195  21:30  Spine Crawler  
  195  21:31  Spine Crawler  
  193  21:34  Spine Crawler  
  193  21:40  Drone x3  
  193  21:44  Spore Crawler  
  193  21:46  Zergling x2  
  200  21:47  Zergling x10  
  200  21:58  Overseer x7  
  200  22:06  Infestor x2  
  175  22:52  Infestor x14  
  200  23:17  Zerg Flyer Weapons Level 3  
  200  23:18  Zerg Flyer Armor Level 3  
  200  23:34  Spine Crawler x2  
  198  23:36  Spine Crawler x3  
  195  23:45  Overseer x4  
  195  23:49  Drone x5  
  195  23:55  Spine Crawler  
  199  23:58  Spore Crawler  
  199  23:59  Drone  
  199  24:00  Drone  
  200  24:11  Spore Crawler  
  199  24:27  Hatchery  
  199  24:29  Hatchery  
  197  25:19  Spore Crawler x4  
  197  25:21  Spore Crawler x2, Extractor  
  191  25:22  Extractor  
  191  25:23  Drone x7  
  191  25:24  Drone x4  
  200  25:54  Spore Crawler  
  200  25:56  Spore Crawler, Drone x2  
  200  25:58  Spore Crawler  
  200  25:59  Spore Crawler x2  
  200  26:01  Spore Crawler x2  
  200  26:02  Spore Crawler  
  194  26:08  Corruptor x6  
Tags
 
Add a new tag
Caveats
  • Supply blocks, unpowered buildings, or Contaminate may cause inaccurate times.
  • Supply counts are checked every 10 seconds.